 Dungeon Crawl Stone Soup version 0.29.1-13-g9f3cf754e1 (webtiles) character file.

Game seed: 7317342448672823467

23589 LustLizard the Destroyer (level 13, -2/90 HPs)
             Began as a Hill Orc Fire Elementalist on Jan 19, 2023.
             Was a High Priest of Hepliaklqana.
             Slain by an elephant (15 damage)
             ... on level 2 of the Lair of Beasts.
             The game lasted 00:34:02 (17523 turns).

LustLizard the Destroyer (HOFE)                    Turns: 17523, Time: 00:34:02

Health: -2/90      AC:  8    Str: 14    XL:     13   Next: 7%
Magic:  8/23       EV: 13    Int: 19    God:    Hepliaklqana [*****.]
Gold:   884        SH:  0    Dex: 17    Spells: 12/26 levels left

rFire   + + +      SeeInvis +   G - +2 flail of Eternal Vigilance {flame, Str+2}
rCold   x x .      Faith    .   (no shield)
rNeg    + . .      Spirit   .   w - +2 robe "Gujuich" {*Corrode rElec rF++ SInv Stlth+}
rPois   .          Reflect  .   W - +1 hat {Stlth+}
rElec   +          Harm     .   T - +1 cloak {rCorr}
rCorr   +          Rampage  .   U - +0 pair of gloves
Will    .....                   (no boots)
Stlth   ++++++....              f - amulet of regeneration
HPRegen 1.05/turn               o - ring "Ylutas" {rC- rN+ Dex+6 Stlth+}
MPRegen 0.18/turn               t - ring of fire

@: no status effects
A: reduced essence
a: Renounce Religion, Recall Ancestor, Ancestor Identity, Transference, Idealise


You were on level 2 of the Lair of Beasts.
You worshipped Hepliaklqana.
Hepliaklqana was extremely pleased with you.
You visited 3 branches of the dungeon, and saw 15 of its levels.
You also visited: Bailey and Ice Cave.

You collected 1428 gold pieces.
You spent 544 gold pieces at shops.

Inventory:

Hand Weapons
 c - a +2 dagger of protection
 s - a +2 short sword of speed
 G - the +2 flail of Eternal Vigilance (weapon) {flame, Str+2}
   (You found it on level 8 of the Dungeon)

   It burns those it strikes, dealing additional fire damage.
   Str:       It affects your strength (+2).
Missiles
 r - 2 throwing nets
 Q - 8 boomerangs
Armour
 a - a +0 robe
 n - the +1 buckler of the Planets {Rampage}
   (You found it on level 2 of the Dungeon)

   Rampage:   It bestows one free step when moving towards enemies.
 w - the +2 robe "Gujuich" (worn) {*Corrode rElec rF++ SInv Stlth+}
   (You found it on level 5 of the Dungeon)

   rF:        It greatly protects you from fire.
   rElec:     It insulates you from electricity.
   SInv:      It lets you see invisible.
   *Corrode:  It may corrode you when you take damage.
   Stlth:     It makes you more stealthy.
 x - a +1 robe of willpower
 M - a +2 robe of positive energy
 T - a +1 cloak of preservation (worn)
 U - a +0 pair of gloves (worn)
 W - a +1 hat of stealth (worn)
Jewellery
 f - an amulet of regeneration (around neck)
 o - the ring "Ylutas" (left hand) {rC- rN+ Dex+6 Stlth+}
   (You found it on level 3 of the Dungeon)

   [ring of positive energy]

   Dex:       It affects your dexterity (+6).
   rC:        It makes you vulnerable to cold.
   rN:        It protects you from negative energy.
   Stlth:     It makes you more stealthy.
 t - a ring of fire (right hand)
 A - a +4 ring of evasion
 B - a ring of positive energy
 E - a ring of positive energy
 K - a ring of magical power
Wands
 b - a wand of flame (9)
 q - a wand of roots (12)
 C - a wand of light (11)
 H - a wand of mindburst (11)
Scrolls
 d - 2 scrolls of poison
 h - a scroll of summoning {unknown}
 j - 3 scrolls of magic mapping
 m - a scroll of brand weapon
 v - a scroll of enchant armour
 y - 2 scrolls of fear
 F - a scroll of teleportation {unknown}
 I - a scroll of immolation
 J - a scroll of noise {unknown}
 N - a scroll of fog {unknown}
 O - a scroll of torment {unknown}
 P - 2 scrolls of amnesia {unknown}
 R - 4 scrolls of enchant weapon
 X - a scroll of vulnerability {unknown}
 Y - a scroll of blinking {unknown}
Potions
 e - 2 potions of attraction {unknown}
 g - 3 potions of lignification
 i - 2 potions of mutation {unknown}
 k - a potion of invisibility
 l - 2 potions of brilliance {unknown}
 p - 4 potions of might
 u - 3 potions of degeneration {unknown}
 z - 2 potions of heal wounds
 D - 5 potions of flight
 L - a potion of ambrosia
 S - 2 potions of magic
 V - 2 potions of curing


   Skills:
 + Level 5.4 Fighting
 + Level 3.8 Dodging
 + Level 4.8 Stealth
 + Level 4.3 Shields
 + Level 7.0 Spellcasting
 * Level 12.7 Conjurations
 - Level 10.0 Fire Magic
 - Level 8.1 Poison Magic


You had 12 spell levels left.
You knew the following spells:

 Your Spells              Type           Power      Damage    Failure   Level
a - Foxfire               Conj/Fire      100%       2x1d9     1%          1
b - Scorch                Fire           100%       2d10      1%          2
c - Olgreb's Toxic Radia  Pois           37%        N/A       3%          4
d - Ignite Poison         Fire/Tmut/Pois 44%        N/A       2%          3
e - Flame Wave            Conj/Fire      65%        2d15      1%          4

Your spell library contained the following spells:

 Spells                   Type           Power      Damage    Failure   Level
 Sting                    Tmut/Pois      88%        1d7       1%          1
 Conjure Flame            Conj/Fire      65%        6-21      1%          3
 Mephitic Cloud           Conj/Pois/Air  33%        N/A       1%          3
 Poisonous Vapours        Pois/Air       44%        N/A       2%          2
 Inner Flame              Hex/Fire       38%        N/A       3%          3
 Hailstorm                Conj/Ice       30%        3d8       8%          4
 Freeze                   Ice            24%        1d5       10%         1
 Frozen Ramparts          Ice            12%        1d2       30%         3
 Portal Projectile        Hex/Tloc       12%        N/A       30%         3
 Tukima's Dance           Hex            6%         N/A       30%         3
 Freezing Cloud           Conj/Ice/Air   11%        6-21      45%         5
 Ice Form                 Ice/Tmut       6%         N/A       69%         4
 Summon Ice Beast         Ice/Summ       6%         N/A       69%         4
 Blade Hands              Tmut           3%         N/A       95%         5


Dungeon Overview and Level Annotations

Branches:
Dungeon (12/15)            Temple (1/1) D:4            Lair (2/5) D:11
  Snake (0/4) Lair:2          Orc (0/2) D:10         Bailey (visited)
  IceCv (visited)
  Swamp: Lair:2-3    Shoals: Lair:2-3

Altars:
Ashenzari
Cheibriados
Dithmenos
Elyvilon
Fedhas
Gozag
Hepliaklqana
Kikubaaqudgha
Makhleb
Nemelex Xobeh
Okawaru
Qazlal
Ru
Sif Muna
Trog
Uskayaw
Vehumet
Wu Jian
Xom
Yredelemnul
Zin
The Shining One

Shops:
D:2 *   D:5 :

Annotations:
D:4 2 runed translucent doors, GigaChad's ghost, amateur MiFi
D:12 1 runed translucent door


Message History

The elephant trunk-slaps you.
You sock the elephant! You burn the elephant.
The elephant is almost dead.
The elephant is no longer more vulnerable to fire.
The elephant tramples you!
You hold your ground!
The elephant misses you. The elephant closely misses you.
The elephant barely misses you.
You hit the elephant. You burn the elephant.
The elephant is almost dead.
The elephant tramples you!
You hold your ground!
The elephant trunk-slaps you but does no damage.
The elephant tramples you.
You hold your ground!
The elephant trunk-slaps you.
You barely miss the elephant.
The elephant is almost dead.
The elephant closely misses you. The elephant trunk-slaps you.
The elephant tramples you but does no damage.
The elephant trunk-slaps you. The elephant barely misses you.
The elephant trunk-slaps you.
* * * LOW HITPOINT WARNING * * *
The elephant tramples you.
* * * LOW HITPOINT WARNING * * *
You hold your ground!
The elephant trunk-slaps you but does no damage.
The elephant misses you.
The elephant trunk-slaps you but does no damage.
The elephant attacks as you move away! The elephant tramples you!
* * * LOW HITPOINT WARNING * * *
The elephant misses you. The elephant attacks as you move away!
The elephant tramples you but does no damage.
The elephant trunk-slaps you but does no damage.
You hit the elephant but do no damage.
The elephant is moderately wounded.
The elephant tramples you!
* * * LOW HITPOINT WARNING * * *
You stumble backwards!
Casting: Scorch (safe; 1% risk of failure)
Confirm with . or Enter, or press ? or * to list all spells.
You feel a surge of power!
Flames lash the elephant.
You kill the elephant!
The elephant tramples you!
You die...

...........+..#
...........##...
.........†.#
.###
..P##.#.#'#.###
#.# #####.### ##
#...## ##.#.#
#####Y###
#....@# #P..###
#..## ##.#.#
#..### ##.# #.#
###.# #...# #♣♣


You could see an elephant (combustible).

Vanquished Creatures
  A hydra (D:11)
  Lodul (D:12)
  Pikel (D:9)
  A manticore (D:12)
  3 elephants (Lair:2)
  Maurice (D:12)
  A cyclops (D:11)
  3 cane toads
  A rime drake (Lair:2)
  A komodo dragon (Lair:1)
  A troll (D:12)
  A hornet (D:7)
  5 blink frogs (Lair:1)
  A shadow (D:10)
  A wraith (D:11)
  Sigmund (D:3)
  11 yaks
  A steam dragon (D:6)
  2 vampire mosquitoes (D:12)
  2 nagas (Lair:2)
  6 water moccasins
  Duvessa (D:5)
  3 orc warriors
  A sky beast (D:6)
  3 ice beasts
  2 black bears
  3 ogres
  5 centaurs
  2 necrophages
  6 bullfrogs
  A scorpion (D:11)
  4 wights
  Dowan (D:5)
  8 killer bees
  3 howler monkeys (D:9)
  5 hounds
  3 jellies
  6 orc priests
  Crazy Yiuf (D:5)
  Terence (D:3)
  2 iguanas (D:6)
  5 orc wizards
  2 troll simulacra (D:11)
  11 adders
  7 gnolls
  2 shadow imps
  A white imp (D:5)
  A worm (D:2)
  2 dart slugs
  34 orcs
  8 bats
  6 endoplasms
  8 goblins
  10 hobgoblins
  3 quokkas
  9 ball pythons
  3 frilled lizards
  10 kobolds
  3 rats
  A spectral orc (D:3)
233 creatures vanquished.

Vanquished Creatures (collateral kills)
  Gastronok (Lair:1)
  Erolcha (D:11)
  A two-headed ogre (D:11)
  A dancing weapon (D:9)
  The ghost of tkbsonic5 the Trooper, a novice DjHW of Okawaru (D:9)
  A deep elf pyromancer (D:12)
  A cyclops (D:8)
  An elephant (Lair:2)
  2 cane toads (Lair:1)
  An unseen horror (D:11)
  2 komodo dragons
  A vampire (D:10)
  6 yaks
  2 wraiths
  A basilisk (Lair:1)
  A vampire mosquito (D:12)
  2 acid dragons (D:12)
  5 water moccasins
  5 orc warriors (Bailey)
  3 ogres (D:12)
  6 centaurs
  A lemure (D:9)
  A gnoll sergeant (D:9)
  A scorpion (D:6)
  2 two-headed ogre simulacra (D:11)
  A bullfrog (D:11)
  8 wights
  5 killer bees
  4 howler monkeys
  An orc priest (D:6)
  A hound (D:5)
  An orc wizard (D:8)
  A spriggan simulacrum (D:11)
  A gnoll (D:9)
  An ufetubus (D:5)
  13 orcs
  4 goblins (D:10)
  7 foxfires
98 creatures vanquished.

Vanquished Creatures (others)
  12 battlemagi
  2 ancestors (D:6)
  1132 foxfires
  46 fungi
  56 plants
1248 creatures vanquished.

Grand Total: 1579 creatures vanquished

Notes
Turn   | Place    | Note
-------+----------+-------------------------------------------
     0 | D:1      | LustLizard the Hill Orc Fire Elementalist began the quest
                  | for the Orb.
     0 | D:1      | Reached XP level 1. HP: 14/14 MP: 3/3
   300 | D:1      | Reached XP level 2. HP: 20/20 MP: 1/4
  1050 | D:1      | Reached XP level 3. HP: 27/27 MP: 0/5
  1467 | D:2      | Reached skill level 1 in Fighting
  1543 | D:2      | Found a glowing silver altar of Zin.
  1591 | D:2      | Reached skill level 2 in Conjurations
  1762 | D:2      | Found Uleubery's Assorted Antiques.
  1822 | D:2      | Bought a sedimented red potion for 20 gold pieces
  1822 | D:2      | Bought a fizzy cyan potion for 20 gold pieces
  1822 | D:2      | Bought a scroll labelled NOILAE WIPE for 23 gold pieces
  1822 | D:2      | Bought 2 green potions for 41 gold pieces
  1822 | D:2      | Bought a viscous silvery potion for 20 gold pieces
  1830 | D:2      | Found a faded altar of an unknown god.
  1945 | D:2      | Reached XP level 4. HP: 35/35 MP: 2/6
  2146 | D:2      | Identified the +1 buckler of the Planets {Rampage}
  2825 | D:3      | Noticed Terence
  2835 | D:2      | Learned a level 2 spell: Scorch
  2860 | D:3      | Killed Terence
  2861 | D:3      | Reached XP level 5. HP: 21/41 MP: 1/8
  2938 | D:3      | Found a basalt altar of Yredelemnul.
  3020 | D:3      | Identified the ring "Ylutas" {rC- rN+ Dex+6 Stlth+}
  3272 | D:3      | Noticed Sigmund
  3291 | D:3      | Killed Sigmund
  3292 | D:3      | Reached skill level 3 in Conjurations
  3292 | D:3      | Reached XP level 6. HP: 19/48 MP: 2/9
  3856 | D:4      | Found a staircase to the Ecumenical Temple.
  3867 | Temple   | Entered the Ecumenical Temple
  4036 | Temple   | Became a worshipper of Hepliaklqana the Forgotten
  4161 | D:4      | Found a large runed translucent door.
  4161 | D:4      | Found a large runed translucent door.
  4171 | D:4      | Reached skill level 5 in Fire Magic
  4284 | D:4      | Reached skill level 4 in Conjurations
  4287 | D:4      | Reached XP level 7. HP: 55/55 MP: 0/10
  4718 | D:4      | Found an opulent altar of Gozag.
  4978 | D:4      | Reached * piety under Hepliaklqana
  5064 | D:4      | Noticed GigaChad's ghost (amateur MiFi)
  5384 | D:5      | Entered Level 5 of the Dungeon
  5651 | D:5      | Found Ejack's Book Boutique.
  5890 | D:5      | Identified the +2 robe "Gujuich" {*Corrode rElec rF++ SInv
                  | Stlth+}
  5992 | D:5      | Reached skill level 5 in Conjurations
  6114 | D:5      | Noticed Dowan
  6118 | D:5      | Noticed Duvessa
  6124 | D:5      | Killed Duvessa
  6125 | D:5      | Reached XP level 8. HP: 54/54 MP: 2/12
  6127 | D:5      | Killed Dowan
  6474 | D:5      | Found a runed translucent door.
  6475 | D:5      | Noticed Crazy Yiuf
  6482 | D:5      | Killed Crazy Yiuf
  6988 | D:6      | Reached skill level 6 in Conjurations
  7368 | D:6      | Reached XP level 9. HP: 60/60 MP: 6/14
  7373 | D:6      | Learned a level 4 spell: Olgreb's Toxic Radiance
  7517 | D:6      | Found a radiant altar of Vehumet.
  7697 | D:6      | Reached skill level 7 in Conjurations
  7704 | D:6      | Reached skill level 1 in Poison Magic
  7864 | D:7      | Found an iron altar of Okawaru.
  7865 | D:7      | Reached ** piety under Hepliaklqana
  7865 | D:7      | Found a glowing silver altar of Zin.
  7883 | D:7      | Remembered your ancestor Chakide as a battlemage
  8291 | D:7      | Found a snail-covered altar of Cheibriados.
  8444 | D:7      | Noticed a hornet
  8449 | D:7      | Killed a hornet
  8952 | D:8      | Reached skill level 8 in Conjurations
  8954 | D:8      | Reached XP level 10. HP: 65/65 MP: 1/16
  9092 | D:8      | Identified the +2 flail of Eternal Vigilance {flame, Str+2}
  9216 | D:8      | Found a hide-covered altar of Uskayaw.
  9891 | D:8      | Noticed a cyclops
  9900 | D:8      | Killed a cyclops
 10063 | D:9      | Noticed Pikel
 10073 | D:9      | Killed Pikel
 10148 | D:9      | Found a runed translucent door.
 10148 | D:9      | Found a shimmering altar of Xom.
 10148 | D:9      | Noticed tkbsonic5's ghost (novice DjHW)
 10186 | D:9      | Found a sparkling altar of Nemelex Xobeh.
 10212 | D:9      | Found a sacrificial altar of Ru.
 10233 | D:9      | Reached skill level 10 in Fire Magic
 10360 | D:9      | Noticed a +0 morningstar of chaos
 10399 | D:9      | Reached *** piety under Hepliaklqana
 10477 | D:9      | Reached skill level 5 in Poison Magic
 10479 | D:9      | Reached skill level 9 in Conjurations
 10636 | D:9      | Reached skill level 5 in Spellcasting
 10999 | D:9      | You fall into a shaft and drop 3 floors!
 11019 | D:12     | Noticed Lodul
 11031 | D:12     | Killed Lodul
 11049 | D:12     | Reached XP level 11. HP: 56/71 MP: 3/19
 11084 | D:12     | Noticed a deep elf pyromancer
 11089 | D:12     | Killed a deep elf pyromancer
 11090 | D:12     | Reached skill level 10 in Conjurations
 11464 | D:12     | Noticed a manticore
 11468 | D:12     | Killed a manticore
 11729 | D:11     | Noticed Erolcha
 11751 | D:11     | Killed Erolcha
 11855 | D:11     | Noticed a cyclops
 11862 | D:11     | Killed a cyclops
 11880 | D:11     | Noticed a two-headed ogre
 11886 | D:11     | Noticed a six-headed hydra
 11887 | D:11     | Killed a two-headed ogre
 11888 | D:11     | Reached skill level 11 in Conjurations
 11926 | D:11     | Killed a six-headed hydra
 12185 | D:11     | Found a frozen archway.
 12211 | IceCv    | Entered an ice cave
 12421 | D:11     | Reached **** piety under Hepliaklqana
 12433 | D:11     | Found a staircase to the Lair.
 12749 | D:10     | Entered Level 10 of the Dungeon
 12960 | D:10     | Found a bloodstained altar of Trog.
 13027 | D:10     | Found a flagged portal.
 13042 | D:10     | Found a staircase to the Orcish Mines.
 13053 | Bailey   | Entered a bailey
 13377 | Bailey   | Reached XP level 12. HP: 66/76 MP: 14/21
 13457 | Bailey   | Reached skill level 1 in Shields
 13757 | Bailey   | HP: 2/79 [centaur/javelin (4)]
 14416 | D:9      | Killed tkbsonic5's ghost
 14621 | D:10     | Found an ornate altar of the Wu Jian Council.
 14623 | D:10     | Found a stormy altar of Qazlal.
 14623 | D:10     | Found a burning altar of Makhleb.
 14623 | D:10     | Found a shimmering altar of Xom.
 14632 | D:10     | Found a shadowy altar of Dithmenos.
 14635 | D:10     | Found a shimmering blue altar of Sif Muna.
 14800 | D:12     | Noticed Maurice
 14806 | D:12     | Found a runed translucent gate.
 14816 | D:12     | Killed Maurice
 15039 | D:5      | Bought a Trismegistus Codex for 420 gold pieces
 15043 | D:5      | Learned a level 3 spell: Ignite Poison
 15048 | D:5      | Learned a level 4 spell: Flame Wave
 15180 | Lair:1   | Entered Level 1 of the Lair of Beasts
 15628 | Lair:1   | Reached skill level 12 in Conjurations
 15772 | Lair:1   | Reached ***** piety under Hepliaklqana
 15881 | Lair:1   | Noticed Gastronok
 15892 | Lair:1   | Killed Gastronok
 17099 | Lair:2   | Found a staircase to the Snake Pit.
 17116 | Lair:2   | Reached skill level 5 in Fighting
 17354 | Lair:2   | Reached XP level 13. HP: 87/90 MP: 10/23
 17523 | Lair:2   | Slain by an elephant

Illustrated notes

Levels and vault maps discovered:
D:1:      psy_arrival_spokes, layout_basic
D:2:      layout_rooms, basic_altar, basic_ecumenical_altar, serial_shops,
          shop_coins, minmay_randomly_rotated_circles
D:3:      layout_loops_ring, yredelemnul_forgotten_temple_becter, uniq_sigmund,
          uniq_terence
D:4:      layout_layer_cave, old_standard_altar,
          minmay_temple_entry_glassed_door, ebering_ghost_disaster_area
D:5:      layout_basic, serial_shops, shop, uniq_crazy_yiuf_cottage,
          uniq_duvessa
D:6:      layout_loops_ring, general_overflow_altar
D:7:      layout_loops_ring, mainiacjoe_overflow_divided_tiny,
          overflow_temple_1_default
D:8:      layout_basic, eat_drink_and_be_merry_uskayaw
D:9:      layout_irregular_city, nemelex_spade_bored_becter,
          nicolae_ru_the_path_less_chosen, ebering_ghost_xom, uniq_pikel
D:10:     layout_rooms, mainiacjoe_overflow_alcove_1,
          minmay_overflow_temple_hex, orc_0_dummy, enter_bailey_5,
          wad_floor_pattern_1
D:11:     layout_long_grid, due_lair_maze_entry_diamond,
          portal_ice_cave_entry_ice_simulacra, uniq_erolcha
D:12:     layout_rooms, gammafunk_ghost_split, uniq_maurice, uniq_sonja,
          uniq_lodul
Temple:   nicolae_temple_bog_church
Lair:1:   layout_small_grid, uniq_gastronok
Lair:2:   layout_roguey [special_room_bee], palyth_hydra_swamp_entry,
          guppyfry_snake_entry_garden

Skill      XL: |  1  2  3  4  5  6  7  8  9 10 11 12 13 |
---------------+----------------------------------------+-----
Fighting       | 1 2 5 |  5.4
Conjurations   | 2 3 4 5 6 8 9 11 12 | 12.7
Stealth        | 2 3 4 |  4.8
Spellcasting   | 2 3 4 5 6 7 |  7.0
Fire Magic     | 4 5 6 8 9 10 | 10.0
Poison Magic   | 3 6 8 |  8.1
Shields        | 4 |  4.3
Dodging        | 3 |  3.8

Action                   |  1- 3 |  4- 6 |  7- 9 | 10-12 | 13-15 || total
-------------------------+-------+-------+-------+-------+-------++-------
Melee: Dagger            |    15 |    36 |    17 |       |       ||    68
       Short sword       |       |       |    20 |       |       ||    20
       Flail             |       |       |       |   108 |    11 ||   119
       Punch             |       |       |       |     3 |       ||     3
 Cast: Foxfire           |    76 |    75 |   144 |   357 |     2 ||   654
       Scorch            |       |     3 |    52 |   123 |    13 ||   191
       Olgreb's Toxic Ra |       |       |       |     1 |       ||     1
       Flame Wave        |       |       |       |     1 |       ||     1
Invok: Recall Ancestor   |       |       |     1 |     1 |       ||     2
       Ancestor Life: Ba |       |       |     1 |       |       ||     1
Evoke: Wand              |       |       |       |     3 |       ||     3
  Use: Scroll            |       |     2 |     4 |     8 |       ||    14
       Potion            |       |       |       |     6 |       ||     6
 Stab: Sleeping          |       |     3 |     1 |     4 |       ||     8
       Invisible         |       |       |       |     2 |       ||     2
Armor: Robe              |     2 |     6 |    12 |    46 |    16 ||    82
Dodge: Dodged            |     8 |    26 |    29 |   153 |    24 ||   240
